 Dungeon Crawl Stone Soup version 0.27-b1-42-g19c61b19a5 (webtiles) character file.

Game seed: 2934109732448882728

7405 seveneves the Blocker (level 10, -12/89 HPs)
             Began as a Minotaur Fighter on July 29, 2021.
             Was a Priest of Nemelex Xobeh.
             Killed from afar by a gargoyle (19 damage)
             ... with a stone arrow
             ... on level 9 of the Dungeon.
             The game lasted 00:35:28 (7588 turns).

seveneves the Blocker (Minotaur Fighter)            Turns: 7588, Time: 00:35:29

Health: -12/89     AC: 15    Str: 35    XL:     10   Next: 92%
Magic:  9/9        EV:  6    Int:  5    God:    Nemelex Xobeh [***...]
Gold:   1878       SH: 26    Dex: 11    Spells: 9/9 levels left

rFire    . . .     SeeInvis .   p - +2 rapier (freeze)
rCold    . . .     Faith    .   i - +0 tower shield
rNeg     . . .     Spirit   .   e - +0 plate armour
rPois    .         Reflect  +   (helmet restricted)
rElec    .         Harm     .   (no cloak)
rCorr    .         Rampage  .   (no gloves)
Will     .....                  x - +0 pair of boots
Stlth    ..........             q - amulet of reflection
HPRegen  0.24/turn              d - +6 ring of strength
MPRegen  0.11/turn              r - +6 ring of strength

@: mighty
A: horns 2, retaliatory headbutt
a: Renounce Religion, Draw Escape, Draw Destruction, Draw Summoning, Triple Draw


You were on level 9 of the Dungeon.
You worshipped Nemelex Xobeh.
Nemelex Xobeh was most pleased with you.
You visited 1 branch of the dungeon, and saw 9 of its levels.

You collected 1878 gold pieces.

Inventory:

Hand Weapons
 b - a +2 dagger of venom
 c - a +2 vampiric whip
 k - a +2 short sword of flaming
 p - a +2 rapier of freezing (weapon)
Armour
 e - a +0 plate armour (worn)
 i - a +0 tower shield (worn)
 x - a +0 pair of boots (worn)
Jewellery
 a - a ring of willpower
 d - a +6 ring of strength (left hand)
 g - a ring of magical power
 q - an amulet of reflection (around neck)
 r - a +6 ring of strength (right hand)
 v - the ring "Yruom" {Wiz Dex+4 Stlth+}
   (You found it on level 9 of the Dungeon)

   [ring of wizardry]

   It improves your spell success rate.
   Dex:       It affects your dexterity (+4).
   Stlth:     It makes you more stealthy.
Wands
 j - a wand of acid (1)
Scrolls
 f - a scroll of fear
 h - 3 scrolls of identify
 t - a scroll of immolation {unknown}
 w - 3 scrolls of teleportation
Potions
 l - a potion of might
 m - 2 potions of haste
 o - a potion of brilliance
 s - a potion of ambrosia {unknown}


   Skills:
 + Level 8.3 Fighting
 + Level 9.3(9.6) Short Blades
 + Level 4.1(7.7) Long Blades
 + Level 9.1 Armour
 + Level 2.0 Dodging
 + Level 0.6 Stealth
 + Level 12.6 Shields
 + Level 1.0 Evocations


You had 9 spell levels left.
You didn't know any spells.
Your spell library contained the following spells:

 Spells                   Type           Power      Damage    Failure   Level
 Corpse Rot               Necr/Air       N/A        N/A       100%        2
 Ozocubu's Armour         Ice            0%         N/A       100%        3
 Portal Projectile        Hex/Tloc       0%         N/A       100%        3
 Animate Armour           Summ/Erth      0%         N/A       100%        4
 Dispel Undead            Necr           0%         3d6       100%        4
 Blade Hands              Tmut           0%         N/A       100%        5
 Excruciating Wounds      Necr           0%         N/A       100%        5
 Death Channel            Necr           0%         N/A       100%        6
 Iron Shot                Conj/Erth      0%         9d1       100%        6
 Ozocubu's Refrigeration  Ice            0%         4d5       100%        7


Dungeon Overview and Level Annotations

Branches:
Dungeon (9/15)             Temple (0/1) D:5
   Lair: D:8-11         Orc: D:9-12

Altars:
Nemelex Xobeh

Shops:
D:5 [


Innate Abilities, Weirdness & Mutations

You have a pair of horns on your head.
You reflexively headbutt those who attack you in melee.


Message History

You destroy the gargoyle!
The ice devil hits you. The ice devil freezes you!!
You puncture the gargoyle! You freeze the gargoyle.
You destroy the gargoyle!
You block the ice devil's attack.
The deep elf pyromancer hits you but does no damage.
Your shield and plate armour prevent you from hitting the ice devil.
The ice devil is lightly wounded.
The ice devil hits you!
* * * LOW HITPOINT WARNING * * *
The ice devil freezes you!
* * * LOW HITPOINT WARNING * * *
You block the deep elf pyromancer's attack.
You feel much better.
A gargoyle comes into view. It is wielding a +0 flail.
You block the ice devil's attack.
The deep elf pyromancer hits you with the +3 Elemental Staff {rElec rF++ rC++ Will++ AC+5}.
The deep elf pyromancer crushes you!!
* * * LOW HITPOINT WARNING * * *
A rime drake comes into view.
The rime drake hisses angrily.
You impale the deep elf pyromancer!! You freeze the deep elf pyromancer.
Your headbutt misses the deep elf pyromancer.
The deep elf pyromancer is severely wounded.
You block the ice devil's attack.
You barely miss the deep elf pyromancer.
Your headbutt misses the deep elf pyromancer.
The deep elf pyromancer is severely wounded.
The deep elf pyromancer gestures wildly while chanting.
The deep elf pyromancer blinks!
Okay, then.
As you read the scroll of fear, it crumbles to dust.
You assume a fearsome visage.
The gargoyle is unaffected.
The ice devil is unaffected.
The rime drake looks frightened!
The deep elf pyromancer resists with almost no effort.
You block the ice devil's attack.
The gargoyle hurls a stone arrow at you.
The stone arrow hits you!!
You die...
Your body glows slightly and disappears.

..## ##..# .##°#
'.k. #≈##.##
##≈○≈# .....
#○≈§##.# #≈°°○§
..... ##≈≈≈°≈###
#°°≈
...####≈≈☼##..
.'#..##≈##..#
##9...####..#
.###..)§.##...#
ED###.)4@##...#
D##§##.[#'....#
#§§§####.....#
#§§.§.##......#
##§.§##)†...e.#
.##§##...###....#
######...# .....
#.. ### #()##
.... #####..
##.)# ....


You could see an ice devil, a deep elf pyromancer, a rime drake (fleeing) and a
gargoyle.

Vanquished Creatures
  A two-headed ogre (D:8)
  An ugly thing (D:7)
  3 gargoyles
  A rime drake (D:9)
  Grinder (D:3)
  A shadow (D:9)
  5 yaks (D:9)
  3 steam dragons
  Menkaure (D:4)
  Edmund (D:4)
  2 water moccasins
  3 orc warriors
  3 ice beasts (D:7)
  Purgy (D:4)
  3 black bears
  An ogre (D:4)
  5 centaurs
  A phantom (D:6)
  4 kobold brigands
  A bullfrog (D:7)
  2 scorpions
  4 wights (D:9)
  6 killer bees (D:8)
  2 vampire bats (D:3)
  A howler monkey (D:6)
  2 centaur zombies
  A gnoll shaman (D:7)
  2 orc priests (D:6)
  2 hounds
  2 iguanas
  9 orc wizards
  2 killer bee zombies
  A hound zombie (D:5)
  A hound skeleton (D:4)
  3 howler monkey zombies
  5 gnolls (D:7)
  A howler monkey skeleton (D:7)
  8 adders
  3 white imps
  An ufetubus (D:5)
  A worm (D:3)
  32 orcs
  5 endoplasms
  3 giant cockroaches
  4 hobgoblins
  24 kobolds
  3 quokkas
  9 ball pythons
  10 bats
  6 frilled lizards
  7 goblins
  A quokka skeleton (D:4)
  6 rats
211 creatures vanquished.

Vanquished Creatures (others)
  A kobold (D:9)
1 creature vanquished.

Grand Total: 212 creatures vanquished

Notes
Turn   | Place    | Note
-------+----------+-------------------------------------------
     0 | D:1      | seveneves the Minotaur Fighter began the quest for the Orb.
     0 | D:1      | Reached XP level 1. HP: 19/19 MP: 0/0
    29 | D:1      | Found a faded altar of an unknown god.
   248 | D:1      | Reached XP level 2. HP: 23/27 MP: 1/1
   400 | D:1      | Reached skill level 4 in Shields
   906 | D:2      | Reached XP level 3. HP: 27/33 MP: 2/2
  1413 | D:3      | Reached XP level 4. HP: 40/40 MP: 3/3
  1424 | D:3      | Reached skill level 1 in Short Blades
  1424 | D:3      | Reached XP level 5. HP: 44/46 MP: 4/4
  1477 | D:3      | Reached skill level 5 in Shields
  1667 | D:3      | Noticed Grinder
  1676 | D:3      | Paralysed by Grinder for 3 turns
  1679 | D:3      | Killed Grinder
  1680 | D:3      | Reached skill level 1 in Dodging
  1680 | D:3      | Reached XP level 6. HP: 19/53 MP: 5/5
  2527 | D:4      | Noticed Purgy
  2528 | D:4      | Noticed Menkaure
  2535 | D:4      | Killed Purgy
  2536 | D:4      | Reached skill level 5 in Armour
  2539 | D:4      | Killed Menkaure
  2540 | D:4      | Reached skill level 5 in Fighting
  2540 | D:4      | Reached XP level 7. HP: 21/61 MP: 6/6
  2621 | D:4      | Reached skill level 6 in Shields
  2885 | D:4      | Noticed Edmund
  2887 | D:4      | Reached skill level 5 in Short Blades
  2901 | D:4      | Killed Edmund
  2902 | D:4      | Reached XP level 8. HP: 36/69 MP: 7/7
  3141 | D:5      | Entered Level 5 of the Dungeon
  3195 | D:5      | Found a sparkling altar of Nemelex Xobeh.
  3199 | D:5      | Became a worshipper of Nemelex Xobeh the Trickster
  3292 | D:5      | Found Nuguos's Antique Armour Boutique.
  3329 | D:5      | Found a staircase to the Ecumenical Temple.
  3408 | D:5      | Identified a scroll of acquirement
  3409 | D:5      | Acquired 1340 gold pieces
  3622 | D:5      | Acquired a +2 rapier of freezing
  3848 | D:6      | Reached skill level 7 in Shields
  4205 | D:6      | Reached * piety under Nemelex Xobeh
  4207 | D:6      | Noticed a gargoyle
  4218 | D:6      | Killed a gargoyle
  4219 | D:6      | Reached skill level 8 in Shields
  4219 | D:6      | Reached XP level 9. HP: 56/78 MP: 8/8
  4264 | D:6      | Acquired an amulet of reflection
  5188 | D:7      | Received a gift from Nemelex Xobeh
  5212 | D:7      | Noticed a green ugly thing
  5226 | D:7      | Killed a green ugly thing
  5227 | D:7      | Reached skill level 9 in Shields
  5265 | D:7      | Reached skill level 10 in Shields
  5902 | D:8      | Reached XP level 10. HP: 42/86 MP: 9/9
  5919 | D:8      | Reached ** piety under Nemelex Xobeh
  6335 | D:8      | Noticed a two-headed ogre
  6340 | D:8      | Killed a two-headed ogre
  6341 | D:8      | Reached skill level 11 in Shields
  6699 | D:9      | Noticed a gargoyle
  6703 | D:9      | Noticed a gargoyle
  6712 | D:9      | Reached skill level 1 in Evocations
  6879 | D:9      | Received a gift from Nemelex Xobeh
  7104 | D:9      | Identified the +5 chain mail "Xiow" {Str+7}
  7250 | D:9      | Reached skill level 12 in Shields
  7372 | D:9      | Identified the ring "Yruom" {Wiz Dex+4 Stlth+}
  7538 | D:9      | Reached *** piety under Nemelex Xobeh
  7572 | D:9      | Noticed a deep elf pyromancer
  7581 | D:9      | Killed a gargoyle
  7582 | D:9      | Killed a gargoyle
  7583 | D:9      | HP: 4/89 [ice devil (16)]
  7584 | D:9      | Noticed a gargoyle
  7588 | D:9      | Killed from afar by a gargoyle

Illustrated notes

Levels and vault maps discovered:
D:1:      lightli_arrival_flooded_house, layout_loops_ring,
          hellmonk_ecumenical_altar_run_dry, minmay_misc_feat_diagonals,
          minmay_misc_feat_pillars
D:2:      layout_basic
D:3:      layout_basic, roderic_batcave, uniq_grinder
D:4:      layout_basic, kennysheep_generic_room_12, uniq_purgy, uniq_menkaure,
          uniq_edmund
D:5:      layout_basic, nemelex_diamond_rough_becter,
          minmay_temple_entry_drinking_statues, serial_shops, shop,
          minmay_misc_feat_encased
D:6:      layout_basic
D:7:      layout_basic, minmay_chambers_of_fives
D:8:      layout_basic
D:9:      layout_layer_cave, dilly_guarded_unrand_elemental_staff

Skill      XL: |  1  2  3  4  5  6  7  8  9 10 |
---------------+-------------------------------+-----
Shields        | 4 5 6 8 10 12 | 12.6
Fighting       | 4 5 6 7 8 |  8.3
Long Blades    | 3 4 |  4.1
Armour         | 4 5 7 8 9 |  9.1
Short Blades   | 1 2 3 5 6 8 9 |  9.3
Dodging        | 1 2 |  2.0
Evocations     | 1 |  1.0
Stealth        | |  0.6

Action                   |  1- 3 |  4- 6 |  7- 9 | 10-12 || total
-------------------------+-------+-------+-------+-------++-------
Melee: Long sword        |    70 |       |       |       ||    70
       Headbutt          |    13 |     9 |    68 |    43 ||   133
       Short sword       |    32 |    54 |   113 |       ||   199
       Rapier            |       |       |   183 |   136 ||   319
Invok: Draw Destruction  |       |       |     3 |     4 ||     7
       Draw Escape       |       |       |     2 |       ||     2
Evoke: Wand              |       |       |     3 |       ||     3
  Use: Potion            |       |     3 |     3 |     3 ||     9
       Scroll            |       |     2 |    11 |     1 ||    14
Armor: Scale mail        |    45 |    26 |     1 |       ||    72
       Plate armour      |       |       |   111 |    28 ||   139
Dodge: Dodged            |    31 |    16 |    44 |    17 ||   108
Block: Kite shield       |    60 |    32 |    56 |       ||   148
       Tower shield      |       |       |   256 |   138 ||   394
       Reflection        |       |       |    11 |    16 ||    27
       Rpst.: Long sword |     6 |       |       |       ||     6
